[Event "Sunday 14 January Rapid Engine Tour 12+1 Rounds 9 Starts 1600 ST"]
[Site "Infinity Chess"]
[Date "2018.1.14"]
[Round "8"]
[White "KRAKEN"]
[Black "RonWeasley"]
[Result "1/2-1/2"]
[ECO "E10"]
[WhiteElo "2485"]
[BlackElo "2457"]
[WhiteEngine "Raubfisch ME262_GTZ16b2_CTG"]
[BlackEngine "BrainFish 060118_CTG"]
[EventType "Swiss"]
[WhiteTeam ""]
[BlackTeam ""]
[PlyCount "111"]
[TimeControl "720+1"]

1. d4 Nf6 2. c4 e6 3. Nf3 d5 4. e3 c6 5. Nbd2 c5 6. cxd5 exd5 7. b3 cxd4 
8. Nxd4 Bb4 9. Bb5+ Nbd7 10. O-O a6 11. Bd3 Bc3 12. Rb1 Ne5 13. Be2 Qd6 
14. N2f3 O-O 15. Qc2 Nxf3+ 16. Nxf3 Ne4 17. Bb2 Bb4 18. Rbc1 Re8 19. Qc7 Qxc7 
20. Rxc7 Ba5 21. Rc2 Be6 22. Rfc1 Rac8 23. a3 Rxc2 24. Rxc2 g6 25. Nd4 Bb6 
26. Kf1 Bd7 27. Bd1 a5 28. a4 Rc8 29. Ne2 Rxc2 30. Bxc2 Kf8 31. Nf4 Bc6 
32. Ke2 Ke7 33. Ba3+ Kd7 34. f3 Nc5 35. g4 Ne6 36. Nxe6 fxe6 37. f4 e5 
38. fxe5 Bc7 39. Bb2 Ke6 40. Bc3 Bxe5 41. Bxa5 Bxh2 42. Bc3 h5 43. gxh5 gxh5 
44. Be1 Be8 45. b4 Be5 46. b5 Kd6 47. Bb4+ Ke6 48. Kf3 b6 49. Bd3 Kf6 
50. a5 bxa5 51. Bxa5 Ke6 52. b6 Ke7 53. e4 Bc6 54. exd5 Bxd5+ 55. Be4 Bxe4+ 
56. Kxe4 1/2-1/2

[Event "Sunday 14 January Rapid Engine Tour 12+1 Rounds 9 Starts 1600 ST"]
[Site "Infinity Chess"]
[Date "2018.1.14"]
[Round "8"]
[White "Marsell"]
[Black "Vimtiroba"]
[Result "1/2-1/2"]
[ECO "C53"]
[WhiteElo "2490"]
[BlackElo "2473"]
[WhiteEngine "asmFishW_2018-01-11_popcnt"]
[BlackEngine "Corchess 2.0_CTG"]
[EventType "Swiss"]
[WhiteTeam ""]
[BlackTeam ""]
[PlyCount "138"]
[TimeControl "720+1"]

1. e4 e5 2. Nf3 Nc6 3. Bc4 Bc5 4. c3 Nf6 5. d3 d6 6. O-O a5 7. Bg5 Ba7 
8. Nbd2 h6 9. Bh4 g5 10. Bg3 O-O 11. a3 Nh7 12. b4 h5 13. h3 h4 14. Bh2 g4 
15. hxg4 Bxg4 16. b5 Ne7 17. d4 Ng6 18. Kh1 Qf6 19. Qe1 Rae8 20. Qe3 Qg7 
21. Rae1 Kh8 22. Bd5 Bd7 23. a4 c6 24. bxc6 bxc6 25. Ba2 f5 26. Qd3 Nf6 
27. exf5 e4 28. Qe3 Bxf5 29. Bxd6 exf3 30. Qxf3 Bb8 31. Rxe8 Rxe8 32. Bxb8 Bg4 
33. Qxc6 Rxb8 34. Ne4 Rf8 35. Nxf6 Rxf6 36. Qe4 Bf5 37. Qe8+ Rf8 38. Qe3 Bc2 
39. Qg5 Rf5 40. Qd8+ Kh7 41. Be6 Rf8 42. Qg5 Qc7 43. Bg4 Kg7 44. Kg1 Qf4 
45. Qxf4 Nxf4 46. Re1 Rf7 47. c4 Nd3 48. Re3 Rf4 49. Bf3 Rxd4 50. Be4 Rd7 
51. Bf5 Rd8 52. Bxd3 Bxd3 53. Re7+ Kg6 54. Ra7 Bxc4 55. Rxa5 Be6 56. Ra6 Kf5 
57. Kh2 Rd3 58. a5 Ra3 59. f3 Bd5 60. Ra7 Be6 61. g4+ hxg3+ 62. Kxg3 Ba2 
63. a6 Bc4 64. Rc7 Be6 65. Ra7 Ba2 66. Rb7 Rxa6 67. Rb5+ Kg6 68. f4 Kf6 
69. f5 Rd6 1/2-1/2

[Event "Sunday 14 January Rapid Engine Tour 12+1 Rounds 9 Starts 1600 ST"]
[Site "Infinity Chess"]
[Date "2018.1.14"]
[Round "8"]
[White "xeonrocks"]
[Black "Satria_Ungu"]
[Result "1-0"]
[ECO "C50"]
[WhiteElo "2513"]
[BlackElo "2450"]
[WhiteEngine "asmFishW_bmi2.exe_CTG"]
[BlackEngine "Houdini 6"]
[EventType "Swiss"]
[WhiteTeam ""]
[BlackTeam ""]
[PlyCount "179"]
[TimeControl "720+1"]

1. e4 e5 2. Nf3 Nc6 3. Bc4 Bc5 4. O-O Nf6 5. d3 O-O 6. c3 d6 7. Nbd2 h6 
8. b4 Bb6 9. a4 a5 10. b5 Ne7 11. h3 c6 12. bxc6 bxc6 13. d4 Ng6 14. dxe5 dxe5 
15. Ba3 c5 16. Rb1 Ba7 17. Re1 Qc7 18. Nf1 Rd8 19. Qc2 Bb7 20. Bc1 Bc6 
21. Ng3 Rab8 22. Be3 Rxb1 23. Rxb1 Nf4 24. Kh2 Bd7 25. Qa2 Rf8 26. Re1 Bc8 
27. Kg1 Bb8 28. Rb1 Ba7 29. Qc2 Rd8 30. Qb3 Rf8 31. Qc2 Rd8 32. Qa2 Rf8 
33. Qb3 Ne6 34. Qc2 Rd8 35. Nf5 Kh7 36. Rb2 Bb7 37. Nd2 Bc8 38. Qb1 Kg8 
39. Bf1 Ng5 40. Bxg5 hxg5 41. Nc4 g6 42. Nfe3 Ba6 43. f3 Kg7 44. Qc1 Ne8 
45. h4 gxh4 46. Ng4 Rb8 47. Qh6+ Kg8 48. Rd2 Rd8 49. Rf2 Rd1 50. Nce3 Rxf1+ 
51. Nxf1 c4 52. Nge3 Bc5 53. Qxh4 Be7 54. Qh2 Nf6 55. Kh1 Bb7 56. Rb2 Bc6 
57. Nxc4 Bxa4 58. Nfe3 Nd7 59. Nd5 Qxc4 60. Nxe7+ Kg7 61. Qh4 Qxc3 62. Rb7 Qc1+ 
63. Kh2 Nf6 64. Ra7 Bd7 65. Nd5 Nxd5 66. exd5 Bf5 67. Ra8 Bc8 68. d6 e4 
69. f4 Qc6 70. Qd8 Qxa8 71. d7 Bxd7 72. Qxa8 Bf5 73. Qxa5 Kg8 74. g4 Bxg4 
75. Qa8+ Kg7 76. Qxe4 Bf5 77. Qa8 Kf6 78. Qf8 Bg4 79. Qh8+ Ke7 80. Qh4+ Kd6 
81. Qxg4 f5 82. Qxg6+ Kc5 83. Qxf5+ Kb4 84. Qe4+ Kc5 85. f5 Kb6 86. f6 Ka5 
87. f7 Kb6 88. f8=Q Ka5 89. Qb1 Ka4 90. Qfb4# 1-0

[Event "Sunday 14 January Rapid Engine Tour 12+1 Rounds 9 Starts 1600 ST"]
[Site "Infinity Chess"]
[Date "2018.1.14"]
[Round "7"]
[White "OlivierEvan"]
[Black "ivrdurant"]
[Result "1/2-1/2"]
[ECO "E20"]
[WhiteElo "2367"]
[BlackElo "2414"]
[WhiteEngine "Houdini 6"]
[BlackEngine "Raubfisch X37b1._CTG"]
[EventType "Swiss"]
[WhiteTeam ""]
[BlackTeam ""]
[PlyCount "113"]
[TimeControl "720+1"]

1. d4 Nf6 2. c4 e6 3. Nc3 d5 4. Nf3 c6 5. e3 Nbd7 6. Qc2 Bd6 7. Bd3 O-O 
8. O-O dxc4 9. Bxc4 b5 10. Be2 Bb7 11. Rd1 Qc7 12. e4 e5 13. dxe5 Nxe5 
14. Nd4 Neg4 15. Bxg4 Bxh2+ 16. Kf1 Nxg4 17. g3 b4 18. Nd5 Qd7 19. Nxc6 Kh8 
20. Nde7 Qe8 21. Bf4 f5 22. exf5 Bxc6 23. Nxc6 Qh5 24. Kg2 Rxf5 25. Qe4 Bxg3 
26. fxg3 Qh2+ 27. Kf3 h5 28. Qe2 Qxe2+ 29. Kxe2 Re8+ 30. Kf3 g5 31. Re1 Rxe1 
32. Rxe1 gxf4 33. gxf4 a5 34. Re6 Rc5 35. Nd4 Kg7 36. Rd6 Kf7 37. Ra6 Rc4 
38. Nf5 Nh2+ 39. Kg2 Rc2+ 40. Kh3 Rxb2 41. Rxa5 Nf3 42. Kg3 Nd2 43. Kh4 Ne4 
44. Kxh5 Nf6+ 45. Kh4 Rf2 46. Ra7+ Ke6 47. Ng7+ Kd5 48. f5 Rg2 49. Rb7 Kc6 
50. Kh3 Kxb7 51. Kxg2 Kc6 52. Ne6 Kd6 53. Nf4 b3 54. axb3 Ke5 55. Ng6+ Kxf5 
56. Ne7+ Ke4 57. b4 1/2-1/2

[Event "Sunday 14 January Rapid Engine Tour 12+1 Rounds 9 Starts 1600 ST"]
[Site "Infinity Chess"]
[Date "2018.1.14"]
[Round "7"]
[White "miguello"]
[Black "CoffeeOne"]
[Result "1/2-1/2"]
[ECO "E10"]
[WhiteElo "2400"]
[BlackElo "2467"]
[WhiteEngine "stockfish_18011309_x64_modern_CTG"]
[BlackEngine "Houdini 6"]
[EventType "Swiss"]
[WhiteTeam ""]
[BlackTeam ""]
[PlyCount "74"]
[TimeControl "720+1"]

1. d4 Nf6 2. c4 e6 3. Nf3 d5 4. Nc3 Be7 5. Bg5 h6 6. Bh4 O-O 7. e3 b6 
8. cxd5 Nxd5 9. Bxe7 Qxe7 10. Nxd5 exd5 11. Rc1 Be6 12. Bd3 c5 13. b3 a5 
14. Bb5 Rc8 15. O-O Nd7 16. Qd2 Nf6 17. Ne5 Rc7 18. f3 Bf5 19. a4 Rac8 
20. Rfd1 Qe6 21. Re1 Qd6 22. Ba6 Re8 23. Bb5 Rb8 24. Rc3 Rbc8 25. Rec1 Be6 
26. g3 g5 27. Ba6 cxd4 28. exd4 Rxc3 29. Rxc3 Rxc3 30. Qxc3 Kg7 31. Bc8 Bxc8 
32. Qxc8 Qb4 33. Qc7 Qe1+ 34. Kg2 Qe2+ 35. Kg1 Qe1+ 36. Kg2 Qe2+ 37. Kg1 Qe1+ 
1/2-1/2

[Event "Sunday 14 January Rapid Engine Tour 12+1 Rounds 9 Starts 1600 ST"]
[Site "Infinity Chess"]
[Date "2018.1.14"]
[Round "7"]
[White "Dovahkiin"]
[Black "Murx"]
[Result "1/2-1/2"]
[ECO "D00"]
[WhiteElo "2412"]
[BlackElo "2495"]
[WhiteEngine "BrainFish_180106_x64_modern_CTG"]
[BlackEngine "BrainFish_171226_x64_modern"]
[EventType "Swiss"]
[WhiteTeam ""]
[BlackTeam ""]
[PlyCount "121"]
[TimeControl "720+1"]

1. d4 d5 2. Bf4 Nf6 3. e3 c5 4. c3 e6 5. Nd2 Bd6 6. Bg3 O-O 7. Ngf3 b6 
8. Ne5 Qc7 9. Bd3 Ba6 10. Bxa6 Nxa6 11. O-O Nb8 12. f4 Nbd7 13. a4 a6 14. Bh4 b5 
15. Qf3 Qb7 16. Nxd7 Nxd7 17. f5 bxa4 18. Nc4 Bc7 19. Be7 Rfe8 20. Nd6 Bxd6 
21. Bxd6 exf5 22. Qxf5 Nb6 23. dxc5 Nc4 24. c6 Qa7 25. Bf4 Nxe3 26. Bxe3 Qxe3+ 
27. Rf2 Qc5 28. Qxf7+ Kh8 29. Raf1 h6 30. c7 Re7 31. Qf4 a3 32. bxa3 Rxc7 
33. Qd4 Qxd4 34. cxd4 Rc4 35. Rf4 a5 36. Rb1 Kg8 37. h4 a4 38. Rb5 Rc3 
39. Rxd5 Rxa3 40. Kh2 Ra2 41. Rd7 a3 42. Rff7 g5 43. Rg7+ Kh8 44. Rh7+ Kg8 
45. Rdg7+ Kf8 46. hxg5 hxg5 47. Rxg5 Ra4 48. Rc5 Kg8 49. Rd7 Rf2 50. Rcc7 a2 
51. Rg7+ Kh8 52. Rh7+ Kg8 53. Rcg7+ Kf8 54. Ra7 Rxa7 55. Rxa7 Ke8 56. Kh3 Rd2 
57. Kg3 a1=Q 58. Rxa1 Rd3+ 59. Kh4 Rxd4+ 60. g4 Kf7 61. Kg5 1/2-1/2

[Event "Sunday 14 January Rapid Engine Tour 12+1 Rounds 9 Starts 1600 ST"]
[Site "Infinity Chess"]
[Date "2018.1.14"]
[Round "7"]
[White "Thinker"]
[Black "hafaba"]
[Result "1/2-1/2"]
[ECO "B00"]
[WhiteElo "2451"]
[BlackElo "2395"]
[WhiteEngine "BrainFish_180106_x64_modern_CTG"]
[BlackEngine "Stockfish SL 07012018 POPCNT_CTG"]
[EventType "Swiss"]
[WhiteTeam ""]
[BlackTeam ""]
[PlyCount "128"]
[TimeControl "720+1"]

1. e4 Nc6 2. Nf3 e5 3. Bc4 Nf6 4. d3 Bc5 5. c3 d6 6. O-O h6 7. h3 O-O 8. Re1 a5 
9. Nbd2 Be6 10. b3 Bb6 11. a4 d5 12. Bb5 Ne7 13. exd5 Nfxd5 14. Qc2 c6 
15. Bc4 Ng6 16. d4 Ndf4 17. dxe5 Nh4 18. Bf1 Bd5 19. Re4 Nfg6 20. Bc4 Re8 
21. g3 Qc8 22. Bxd5 Nxf3+ 23. Nxf3 cxd5 24. Rg4 Qc6 25. Nd4 Bxd4 26. Rxd4 Nxe5 
27. Kg2 b5 28. axb5 Qxb5 29. Qd1 Qb7 30. Rxd5 a4 31. f3 Rac8 32. Bf4 Ng6 
33. Rxa4 Rxc3 34. Rd3 Rec8 35. Rxc3 Rxc3 36. Bd6 Rxb3 37. Ra8+ Qxa8 38. Qxb3 Qa5 
39. Qe3 Qa2+ 40. Qf2 Qe6 41. Bb4 h5 42. Bc3 f6 43. Qd4 Qe2+ 44. Qf2 Qe6 
45. Qc2 Kf7 46. h4 Kg8 47. Bd4 Ne7 48. Bf2 Kf7 49. Bc5 Nf5 50. Qe4 Qxe4 
51. fxe4 Ne7 52. Bb4 Ke6 53. g4 hxg4 54. Kg3 g6 55. Kxg4 Nc6 56. Bc3 Ne5+ 
57. Kh3 Kd6 58. Kg3 Ke6 59. Kf4 Nd7 60. Bb4 g5+ 61. hxg5 fxg5+ 62. Ke3 Ne5 
63. Bc3 Nc6 64. Be1 Kf7 1/2-1/2

[Event "Sunday 14 January Rapid Engine Tour 12+1 Rounds 9 Starts 1600 ST"]
[Site "Infinity Chess"]
[Date "2018.1.14"]
[Round "7"]
[White "IronMan"]
[Black "angriff"]
[Result "1/2-1/2"]
[ECO "B00"]
[WhiteElo "2389"]
[BlackElo "2449"]
[WhiteEngine "Stockfish SL FA PB BMI2"]
[BlackEngine "SF_64BIT_POPCNT_CTG"]
[EventType "Swiss"]
[WhiteTeam ""]
[BlackTeam ""]
[PlyCount "96"]
[TimeControl "720+1"]

1. e4 Nc6 2. Nf3 e5 3. Bb5 Nf6 4. O-O Nxe4 5. Re1 Nd6 6. Nxe5 Be7 7. Bf1 Nxe5 
8. Rxe5 O-O 9. d4 Bf6 10. Re1 Re8 11. c3 Rxe1 12. Qxe1 Ne8 13. Bf4 d5 14. Qe2 c6 
15. Nd2 Bf5 16. Re1 Nd6 17. Qf3 Bg5 18. Nb3 Bxf4 19. Qxf4 b6 20. Nc1 Qd7 
21. Bd3 Bxd3 22. Nxd3 f6 23. h4 Re8 24. Rxe8+ Nxe8 25. f3 Nd6 26. g4 Qe7 
27. Kf2 a5 28. g5 Nc4 29. b3 Nd6 30. a4 b5 31. Qg3 bxa4 32. bxa4 Kf7 
33. gxf6 gxf6 34. Qf4 Nc4 35. Kg3 Kg8 36. h5 Kg7 37. Qg4+ Kh6 38. Qf4+ Kxh5 
39. Qh4+ Kg6 40. Nf4+ Kg7 41. Qg4+ Kf7 42. Qf5 Qe1+ 43. Kh3 Qf1+ 44. Kg3 Qg1+ 
45. Kh3 Qf1+ 46. Kg3 Qe1+ 47. Kh3 Qh1+ 48. Kg3 Qe1+ 1/2-1/2

[Event "Sunday 14 January Rapid Engine Tour 12+1 Rounds 9 Starts 1600 ST"]
[Site "Infinity Chess"]
[Date "2018.1.14"]
[Round "7"]
[White "ocirema"]
[Black "incredible"]
[Result "1/2-1/2"]
[ECO "B28"]
[WhiteElo "2423"]
[BlackElo "2454"]
[WhiteEngine "stockfish_18011309_x64_modern_CTG"]
[BlackEngine "Stockfish_x64_bmi2"]
[EventType "Swiss"]
[WhiteTeam ""]
[BlackTeam ""]
[PlyCount "84"]
[TimeControl "720+1"]

1. e4 c5 2. Nf3 a6 3. c4 e6 4. Be2 Qb6 5. b3 Nc6 6. Bb2 Nf6 7. e5 Ng4 8. h3 Nh6 
9. Nc3 Nf5 10. O-O Nfd4 11. Ne4 Qc7 12. Nxd4 Nxd4 13. Bxd4 cxd4 14. f4 d6 
15. exd6 Bxd6 16. Nxd6+ Qxd6 17. Bf3 O-O 18. Qe2 f6 19. Rac1 Qc5 20. d3 a5 
21. f5 e5 22. g4 Qc7 23. Qg2 Rb8 24. h4 Bd7 25. Be4 Bc6 26. Rc2 Bxe4 
27. Qxe4 Qc6 28. Qg2 Kf7 29. Rb2 Rfe8 30. Re1 h6 31. a4 Re7 32. Re4 Ra8 
33. Qf3 Ke8 34. Qg2 Qc5 35. g5 hxg5 36. hxg5 Kd7 37. Rxe5 Qxe5 38. Qxb7+ Qc7 
39. Qd5+ Qd6 40. Qb7+ Qc7 41. Qd5+ Qd6 42. Qb7+ Qc7 1/2-1/2

[Event "Sunday 14 January Rapid Engine Tour 12+1 Rounds 9 Starts 1600 ST"]
[Site "Infinity Chess"]
[Date "2018.1.14"]
[Round "7"]
[White "beka"]
[Black "Neoxium"]
[Result "1/2-1/2"]
[ECO "E15"]
[WhiteElo "2433"]
[BlackElo "2463"]
[WhiteEngine "stockfish_18011309_x64_CTG"]
[BlackEngine "SF SL FA-IDeA"]
[EventType "Swiss"]
[WhiteTeam ""]
[BlackTeam ""]
[PlyCount "85"]
[TimeControl "720+1"]

1. d4 Nf6 2. c4 e6 3. Nf3 b6 4. g3 Bb4+ 5. Bd2 Be7 6. Nc3 Bb7 7. Bg2 d5 
8. cxd5 exd5 9. Bf4 O-O 10. O-O Nbd7 11. Rc1 Nh5 12. Bd2 Nhf6 13. Bf4 c6 
14. Qb3 Nh5 15. Be5 Kh8 16. e3 f6 17. Bc7 Qxc7 18. Nxd5 Qd6 19. Nxe7 Qxe7 
20. g4 f5 21. gxh5 c5 22. Rcd1 Be4 23. dxc5 bxc5 24. Qc3 Rae8 25. h3 Nf6 
26. h6 Rg8 27. Nh4 Bxg2 28. Nxg2 Ne4 29. Qc2 gxh6 30. Kh2 Ng5 31. Nf4 Qe4 
32. Qxe4 fxe4 33. Rd7 c4 34. Rxa7 Rb8 35. h4 Nf3+ 36. Kh3 Ng1+ 37. Kh2 Nf3+ 
38. Kh3 c3 39. bxc3 Ng1+ 40. Kh2 Nf3+ 41. Kh3 Ng1+ 42. Kh2 Nf3+ 43. Kh3 1/2-1/2

[Event "Sunday 14 January Rapid Engine Tour 12+1 Rounds 9 Starts 1600 ST"]
[Site "Infinity Chess"]
[Date "2018.1.14"]
[Round "7"]
[White "xeonrocks"]
[Black "Vimtiroba"]
[Result "1/2-1/2"]
[ECO "C50"]
[WhiteElo "2515"]
[BlackElo "2471"]
[WhiteEngine "asmFishW_bmi2.exe_CTG"]
[BlackEngine "Corchess 2.0_CTG"]
[EventType "Swiss"]
[WhiteTeam ""]
[BlackTeam ""]
[PlyCount "189"]
[TimeControl "720+1"]

1. e4 e5 2. Nf3 Nc6 3. Bc4 Bc5 4. O-O Nf6 5. d3 d6 6. c3 a5 7. Re1 O-O 
8. Nbd2 Ba7 9. Nf1 Be6 10. Bb5 Ne7 11. d4 exd4 12. Nxd4 Ng6 13. Ba4 h6 
14. Be3 Bc8 15. Bc2 Re8 16. Ng3 d5 17. f3 dxe4 18. Nxe4 Bd7 19. Bf2 Nxe4 
20. Bxe4 Qg5 21. Qc1 Nf4 22. Bg3 Ne6 23. Qxg5 hxg5 24. Rad1 Nxd4 25. cxd4 c6 
26. Kf1 f5 27. Bd3 f4 28. Bf2 Rxe1+ 29. Rxe1 Re8 30. Rxe8+ Bxe8 31. b3 Kf8 
32. Be1 Bb6 33. Ke2 Bxd4 34. Bxa5 Ke7 35. a4 Bd7 36. Bb4+ Ke6 37. Bc4+ Kf6 
38. Kd3 Be5 39. Ba5 g4 40. Bd8+ Kg6 41. fxg4 Bxg4 42. Ke4 Bd6 43. h3 Bf5+ 
44. Kd4 Kh6 45. Bd3 Be6 46. Bc4 Bf5 47. Be2 Be6 48. Kc3 Be5+ 49. Kc2 Kg6 
50. Bd3+ Kf7 51. Be4 Ke8 52. Ba5 g5 53. Bc3 Bd6 54. b4 Kf7 55. Kd3 Bb3 
56. a5 Ba4 57. Bf3 Be7 58. Be1 Bb5+ 59. Kd4 Ke6 60. Bg4+ Kf7 61. Bc8 Ba6 
62. Ke5 Ke8 63. Bd2 Kd8 64. Bg4 Bf1 65. Bf3 Ke8 66. Bc3 Kf7 67. Be1 Ke8 
68. Be4 Kf7 69. Bf3 Ke8 70. Be4 Kf7 71. Bd2 Bc4 72. Bf5 Bf1 73. Bc8 Ba6 
74. Be6+ Ke8 75. Bf5 Kf7 76. h4 gxh4 77. Kxf4 Bf1 78. Bh3 Ke8 79. Be1 Kf7 
80. Bc3 Bd6+ 81. Ke3 Ke8 82. Kf2 Bc4 83. Bc8 c5 84. Bxb7 cxb4 85. Bd4 Kd7 
86. a6 Kc7 87. Ke3 b3 88. Kf2 Kb8 89. Be4 Bg3+ 90. Ke3 Bxa6 91. Bd5 Bb7 
92. Bxb7 Kxb7 93. Kd3 Be1 94. Kc4 b2 95. Bxb2 1/2-1/2

[Event "Sunday 14 January Rapid Engine Tour 12+1 Rounds 9 Starts 1600 ST"]
[Site "Infinity Chess"]
[Date "2018.1.14"]
[Round "7"]
[White "THE_MACHINE"]
[Black "KRAKEN"]
[Result "1/2-1/2"]
[ECO "C50"]
[WhiteElo "2476"]
[BlackElo "2485"]
[WhiteEngine "Houdini 6"]
[BlackEngine "Raubfisch ME262_GTZ16b2_CTG"]
[EventType "Swiss"]
[WhiteTeam ""]
[BlackTeam ""]
[PlyCount "183"]
[TimeControl "720+1"]

1. e4 e5 2. Nf3 Nc6 3. Bc4 Bc5 4. O-O Nf6 5. d3 d6 6. c3 O-O 7. h3 a6 8. Re1 Ba7 
9. a4 h6 10. Nbd2 Nh5 11. Nf1 Qf6 12. N1h2 Qg6 13. g4 Be6 14. Bb3 Nf6 
15. Nh4 Qh7 16. Bc2 g6 17. Qf3 Qg7 18. Kh1 Kh8 19. Rg1 Ng8 20. Be3 Bxe3 
21. fxe3 f6 22. d4 Bd7 23. Qg3 Na5 24. N2f3 c5 25. Qf2 Ne7 26. Rad1 Rad8 
27. Rgf1 Qg8 28. Qh2 Kh7 29. Ra1 c4 30. Rf2 Nc8 31. Qg1 Qg7 32. Nd2 Qe7 
33. Nhf3 Nb6 34. h4 Rde8 35. h5 Rg8 36. Qh2 g5 37. Qg2 Rgf8 38. Nh2 Qd8 
39. Qf3 Kg7 40. d5 Qc7 41. Nhf1 Nc8 42. Ng3 Ne7 43. Ra3 Ra8 44. Rf1 b5 
45. axb5 axb5 46. Raa1 Qb8 47. Nf5+ Bxf5 48. exf5 Nb7 49. e4 Rc8 50. Rxa8 Qxa8 
51. Qe3 Nc5 52. Kg2 Qa7 53. b4 cxb3 54. Bxb3 Ra8 55. Rb1 Qc7 56. Qe2 Qa5 
57. Qe3 Nc8 58. Bd1 Nb6 59. Be2 Qa2 60. Rxb5 Nba4 61. Kf3 Qc2 62. Nc4 Nxc3 
63. Rb2 Qxe4+ 64. Qxe4 N3xe4 65. Rb6 Nc3 66. Rxd6 Ra2 67. Rc6 e4+ 68. Kg2 Nxd5 
69. Rxc5 Rxe2+ 70. Kf1 Nf4 71. Nd6 e3 72. Rc7+ Kf8 73. Rf7+ Kg8 74. Re7 Rf2+ 
75. Kg1 Nd5 76. Re8+ Kg7 77. Rxe3 Nxe3 78. Kxf2 Nxg4+ 79. Kf3 Ne5+ 80. Ke4 g4 
81. Kf4 Kg8 82. Nb5 g3 83. Kxg3 Kf7 84. Kf4 Nd3+ 85. Ke3 Ne5 86. Kf4 Nd3+ 
87. Ke3 Nc5 88. Kd4 Nb3+ 89. Kc3 Nc5 90. Kd4 Nb3+ 91. Kc3 Nc5 92. Kd4 1/2-1/2

[Event "Sunday 14 January Rapid Engine Tour 12+1 Rounds 9 Starts 1600 ST"]
[Site "Infinity Chess"]
[Date "2018.1.14"]
[Round "7"]
[White "Susanne"]
[Black "Marsell"]
[Result "1/2-1/2"]
[ECO "C58"]
[WhiteElo "2474"]
[BlackElo "2491"]
[WhiteEngine "asmFishW_2018-01-12_bmi2_CTG"]
[BlackEngine "asmFishW_2018-01-11_popcnt"]
[EventType "Swiss"]
[WhiteTeam ""]
[BlackTeam ""]
[PlyCount "128"]
[TimeControl "720+1"]

1. e4 e5 2. Nf3 Nc6 3. Bc4 Nf6 4. Ng5 d5 5. exd5 Na5 6. Bb5+ c6 7. dxc6 bxc6 
8. Qf3 Be7 9. Bd3 O-O 10. Nc3 Rb8 11. O-O h6 12. Nge4 Nh7 13. Ng3 Ng5 14. Qe2 f5 
15. f3 Bd6 16. Qe1 Bd7 17. b3 g6 18. Bb2 c5 19. Nd1 c4 20. Be2 Bc7 21. Bc3 h5 
22. Nh1 Be6 23. Ne3 Kh7 24. Nf2 e4 25. fxe4 f4 26. Rd1 cxb3 27. axb3 Nc6 
28. Nd5 Bxd5 29. exd5 Nb4 30. Bf3 Nxc2 31. Qe2 Bb6 32. Rc1 Nxf3+ 33. gxf3 Nd4 
34. Bxd4 Bxd4 35. Qe4 Qg5+ 36. Kh1 Bxf2 37. Rxf2 Rbe8 38. Qd4 Rf7 39. Rg2 Qe5 
40. Qc4 Rd7 41. Rcg1 Qxd5 42. Qxd5 Rxd5 43. Rxg6 Re1 44. Rg7+ Kh6 45. Rxe1 Kxg7 
46. Re4 Rxd2 47. Rxf4 Kg6 48. Ra4 Rb2 49. Rxa7 Rxb3 50. Ra6+ Kg5 51. Kg2 Rb2+ 
52. Kg3 h4+ 53. Kh3 Kf4 54. Ra1 Kxf3 55. Ra3+ Ke2 56. Kg2 h3+ 57. Rxh3 Rb4 
58. Ra3 Rg4+ 59. Rg3 Rf4 60. h3 Rf2+ 61. Kh1 Rf1+ 62. Kg2 Rf2+ 63. Kh1 Rf1+ 
64. Kg2 Rf2+ 1/2-1/2

[Event "Sunday 14 January Rapid Engine Tour 12+1 Rounds 9 Starts 1600 ST"]
[Site "Infinity Chess"]
[Date "2018.1.14"]
[Round "7"]
[White "Satria_Ungu"]
[Black "RonWeasley"]
[Result "1/2-1/2 "]
[ECO "A05"]
[WhiteElo "2450"]
[BlackElo "2457"]
[WhiteEngine "Houdini 6"]
[BlackEngine "BrainFish 060118_CTG"]
[EventType "Swiss"]
[WhiteTeam ""]
[BlackTeam ""]
[PlyCount "266"]
[TimeControl "720+1"]

1. Nf3 Nf6 2. d4 d5 3. e3 e6 4. c4 c6 5. b3 c5 6. Nbd2 cxd4 7. exd4 b6 
8. Bb2 Be7 9. g3 Bb7 10. Bg2 O-O 11. O-O Nc6 12. a3 Rc8 13. Rc1 dxc4 
14. bxc4 Na5 15. Qe2 Bd6 16. Rfe1 Re8 17. Nh4 Ba6 18. Bf1 Bf8 19. Nhf3 h6 
20. Ne5 Bd6 21. f4 Re7 22. Qe3 Rec7 23. Bd3 Bb7 24. Qe2 Qe7 25. Ra1 Qe8 
26. h3 Bf8 27. Kh2 g6 28. Rad1 Bg7 29. Bc3 Nc6 30. a4 Qd8 31. Qe3 Qf8 
32. Bb2 Nd7 33. Be4 Nf6 34. Bg2 Na5 35. Bxb7 Nxb7 36. Re2 Qe8 37. Qf3 Nd6 
38. a5 bxa5 39. c5 Nb5 40. Ra1 a4 41. Ndc4 Rd8 42. Qe3 Nd5 43. Qf2 h5 44. Rd2 a5 
45. Rd3 Ra8 46. Rdd1 Rca7 47. h4 f6 48. Nf3 Qc6 49. Qc2 Rb8 50. Rd2 Ne7 
51. Rd3 a3 52. Bxa3 a4 53. Rb1 Raa8 54. Bb2 Nc7 55. Nd6 Qa6 56. Ba3 Rxb1 
57. Qxb1 Ncd5 58. Nd2 Nf5 59. Nxf5 exf5 60. Qa2 Rd8 61. Qc4 Qe6 62. Rf3 Bh6 
63. c6 Bf8 64. Bxf8 Kxf8 65. Nf1 Nc7 66. Qb4+ Qe7 67. Qc4 a3 68. Qa2 Rxd4 
69. Re3 Re4 70. Qxa3 Qxa3 71. Rxa3 Rc4 72. Kg2 Rxc6 73. Rd3 Nb5 74. Kf3 Nd6 
75. Nd2 Ra6 76. Ke3 Ke7 77. Rd5 Ke6 78. Rd3 Ra7 79. Rd4 Ra2 80. Rd3 Ra8 
81. Rd4 Ke7 82. Rd3 Ra4 83. Rd5 Ra6 84. Rd3 Ke6 85. Rd4 Ra1 86. Rd3 Ra2 
87. Rd4 Ra6 88. Rd3 Ra1 89. Rd4 Ra3+ 90. Rd3 Rxd3+ 91. Kxd3 Kd5 92. Nf1 Ne4 
93. Ke3 Kc5 94. Kd3 Kb5 95. Kd4 Kc6 96. Kc4 Nf2 97. Nd2 Ne4 98. Nf1 Nc5 
99. Nd2 Nb7 100. Kd4 Nd6 101. Nf1 Kd7 102. Ne3 Ne4 103. Nf1 Kd6 104. Kc4 Kd7 
105. Kd4 Nf2 106. Kd5 Ng4 107. Nd2 Ne3+ 108. Kd4 Ng4 109. Kd5 Nf2 110. Nf1 Nd1 
111. Kc5 Nc3 112. Kc4 Nd1 113. Kc5 Ke8 114. Kd5 Kf7 115. Kd4 Ke6 116. Nd2 Nf2 
117. Ke3 Ng4+ 118. Kd4 Nf2 119. Ke3 Nd1+ 120. Kd4 Kf7 121. Nf1 Kg7 122. Nd2 Kg8 
123. Kc4 Kg7 124. Kd4 Kg8 125. Kc4 Kf8 126. Kd4 Ke7 127. Kd3 Nf2+ 128. Ke3 Ng4+ 
129. Kd4 Ke8 130. Nc4 Kf7 131. Nd2 Ke6 132. Nf1 Kd7 133. Nd2 Nf2 1/2-1/2

[Event "Sunday 14 January Rapid Engine Tour 12+1 Rounds 9 Starts 1600 ST"]
[Site "Infinity Chess"]
[Date "2018.1.14"]
[Round "6"]
[White "CoffeeOne"]
[Black "OlivierEvan"]
[Result "1/2-1/2"]
[ECO "B90"]
[WhiteElo "2471"]
[BlackElo "2363"]
[WhiteEngine "Houdini 6"]
[BlackEngine "Houdini 6"]
[EventType "Swiss"]
[WhiteTeam ""]
[BlackTeam ""]
[PlyCount "185"]
[TimeControl "720+1"]

1. e4 c5 2. Nf3 d6 3. d4 cxd4 4. Nxd4 Nf6 5. Nc3 a6 6. Be3 e6 7. Qd2 b5 
8. f3 Nbd7 9. O-O-O h5 10. Kb1 Bb7 11. a3 Be7 12. Bd3 Rc8 13. Rhe1 Nc5 
14. Be2 Ncd7 15. Bf2 Ne5 16. Qe3 O-O 17. h3 Ng6 18. g4 h4 19. Nb3 Qc7 20. Bd3 e5 
21. Rg1 Nd7 22. g5 Nf4 23. Rg4 g6 24. Rdg1 Rfe8 25. Rxh4 Bf8 26. Ne2 Ne6 
27. Be1 Ndc5 28. Ba5 Qd7 29. Nbc1 d5 30. Qd2 Qd6 31. Rhg4 Re7 32. exd5 Qxd5 
33. Rf1 Qd7 34. Bb4 Ree8 35. Nc3 Nf4 36. Ne4 Nxe4 37. Bxe4 Bc6 38. Bc3 Qxd2 
39. Bxd2 Bd7 40. Rgg1 Bxh3 41. Re1 Rcd8 42. Ba5 Rc8 43. Ne2 Ne6 44. Bc3 Bg7 
45. Nc1 Nf4 46. Nd3 Nxd3 47. cxd3 Bf5 48. Rh1 Re6 49. Rh2 Bxe4 50. fxe4 f6 
51. gxf6 Bxf6 52. Rg1 Kf7 53. Rf1 Rd8 54. Kc2 Rf8 55. Kd1 g5 56. Ke2 Kg6 
57. Rfh1 Rg8 58. Rh7 Bg7 59. Bd2 Rc8 60. Kd1 Rg8 61. R7h5 Bf6 62. Ke2 Kf7 
63. Rh7+ Rg7 64. Rh8 Rc6 65. Rf1 Rg8 66. Rxg8 Kxg8 67. Rg1 Rc2 68. b4 Ra2 
69. Kd1 Rxa3 70. Bxg5 Ra1+ 71. Bc1+ Kf7 72. Kc2 Be7 73. Rh1 Bd6 74. Rh6 Ke7 
75. Bb2 Ra4 76. Bc3 Ra2+ 77. Kb3 Rg2 78. Be1 Re2 79. Bh4+ Kd7 80. Rh7+ Ke6 
81. Bg5 Rg2 82. Rh6+ Kd7 83. Bc1 Rg1 84. Bd2 Rg2 85. Be3 Rg3 86. Bc5 Bxc5 
87. bxc5 Rxd3+ 88. Kb4 Re3 89. Rxa6 Rxe4+ 90. Kxb5 Re1 91. Kc4 e4 92. Rd6+ Kc7 
93. Re6 1/2-1/2